 Dungeon Sprint DCSS version 0.31-a0-986-g5e6e4ef867 (webtiles) character file.

Game seed: 17442250009942652772

136 sircluck the Ruffian (level 4, -5/49 HPs)
             Began as a Troll Berserker on Nov 13, 2023.
             Was a Priest of Trog.
             Slain by a two-headed ogre
             ... wielding a +0 giant spiked club
              (32 damage)
             ... in the Dungeon (Sprint IX: "|||||||||||||||||||||||||||||").
             The game lasted 00:00:31 (422 turns).

sircluck the Ruffian (Troll Berserker)               Turns: 422, Time: 00:00:31

Health: -5/49      AC:  4    Str: 30    XL:     4   Next: 98%
Magic:  3/3        EV: 12    Int:  3    God:    Trog [***...]
Gold:   0          SH:  0    Dex:  9    Spells: 3/3 levels left

rFire   . .          .
                       - Unarmed
rCold   . . .        (no shield)
rNeg    . . .        a - +0 animal skin
rPois   .            (helmet restricted)
rElec   .            (no cloak)
rCorr   .            (gloves unavailable)
SInv    .            (boots unavailable)
Will    .....        (no amulet)
Stlth   +            j - +2 ring of evasion
HPRegen 1.08/turn    k - +3 ring of strength
MPRegen 0.08/turn

%: no teleportation
@: no status effects
A: large, unfitting armour, claws 3, regeneration 1, shaggy fur 1, tough skin 1
a: Renounce Religion, Berserk, Trog's Hand


You were in the Dungeon.
You worshipped Trog.
Trog was most pleased with you.
You visited 1 branch

Inventory:

Armour
 a - a +0 animal skin (worn)
Jewellery
 j - a +2 ring of evasion (left claw)
 k - a +3 ring of strength (right claw)
Wands
 i - a wand of quicksilver (10)
Scrolls
 g - 2 scrolls of blinking
Potions
 b - a potion of invisibility
 c - 3 potions of heal wounds
 d - a potion of haste
 e - 4 potions of magic
 f - a potion of berserk rage
 h - 4 potions of curing


   Skills:
 + Level 4.8 Fighting
 + Level 3.6 Armour
 + Level 4.8 Dodging
 + Level 5.8 Unarmed Combat


You had 3 spell levels left.
You didn't know any spells.
Your spell library was empty.

Dungeon Overview and Level Annotations

Branches:
Dungeon (1/1)

Altars:
Cheibriados
Dithmenos
Elyvilon
Fedhas
Gozag
Hepliaklqana
Kikubaaqudgha
Makhleb
Nemelex Xobeh
Okawaru
Qazlal
Ru
Sif Muna
Trog
Uskayaw
Vehumet
Wu Jian
Xom
Yredelemnul
Zin
The Shining One
Jiyva
Lugonu


Innate Abilities, Weirdness & Mutations

You are too large for most types of armour.
You have claws for hands.
Your natural rate of healing is unusually fast.
You are covered in fur. (AC +1)
You have tough skin. (AC +1)


Message History

There is a basalt altar of Yredelemnul here.
There is a glowing silver altar of Zin here.
There is a glowing golden altar of the Shining One here.
As you open the door, it creaks loudly!
Found four items.
Found a +1 scale mail.
There is an open door here.
Found a +2 ring of evasion.
e - 4 potions of magic (gained 2);
b - a potion of invisibility
c - 3 potions of heal wounds (gained 2);
h - 4 potions of curing
Found a +3 ring of strength.
g - 2 scrolls of blinking (gained 1)
You see here 2 scrolls of amnesia.
i - a wand of quicksilver (10)
Items here: )))))).
You see here a +0 pair of gloves.
You see here a +0 pair of gloves.
You see here a +1 scale mail.
j - a +2 ring of evasion
k - a +3 ring of strength
j - a +2 ring of evasion (left claw)
You feel stronger.
k - a +3 ring of strength (right claw)
There are no items here.
You open the door.
A wraith, an orc priest, a centaur, a steam dragon and 2 two-headed ogres come into view.
The orc priest shouts!
The centaur shouts!
The two-headed ogre shouts in stereo! x2
You claw the two-headed ogre!
The two-headed ogre is moderately wounded.
The orc priest looks encouraged for a moment.
The two-headed ogre closely misses you.
The two-headed ogre hits you with a +0 giant spiked club!!
You mangle the two-headed ogre!!
The two-headed ogre is heavily wounded.
You mangle the two-headed ogre!!
The two-headed ogre is almost dead.
The two-headed ogre hits you with a +0 giant spiked club!!
Ouch! That really hurt!
You die...

▓.▓
▓W▓
▓o▓
▓c▓
▓D▓
▓O▓
▓O▓
▓@▓
▓.▓
▓[▓
▓[▓
▓[▓
▓.▓
▓)▓
▓?▓
▓.▓


You could see 2 two-headed ogres, a wraith, a steam dragon, a centaur and an orc
priest.

Vanquished Creatures
  A water moccasin (D)
  An iguana (D)
  2 orcs (D)
  A ball python (D)
  An endoplasm (D)
  A quokka (D)
  A frilled lizard (D)
  2 rats (D)
10 creatures vanquished.

Notes
Turn   | Place    | Note
-------+----------+-------------------------------------------
     0 | D        | sircluck the Troll Berserker began the quest for the Orb.
     0 | D        | Reached XP level 1. HP: 22/22 MP: 0/0
    10 | D        | Reached ** piety under Trog
    20 | D        | Noticed an iguana
    20 | D        | Noticed a water moccasin
    26 | D        | HP: 1/22 [water moccasin (8)]
    32 | D        | Killed a water moccasin
    33 | D        | Reached skill level 5 in Unarmed Combat
    33 | D        | Reached XP level 2. HP: 4/33 MP: 1/1
    33 | D        | Reached XP level 3. HP: 5/40 MP: 2/2
    33 | D        | Reached XP level 4. HP: 6/49 MP: 3/3
   363 | D        | Reached *** piety under Trog
   375 | D        | Found a snail-covered altar of Cheibriados.
   375 | D        | Found a shadowy altar of Dithmenos.
   375 | D        | Found a white marble altar of Elyvilon.
   375 | D        | Found a blossoming altar of Fedhas.
   375 | D        | Found an opulent altar of Gozag.
   376 | D        | Found a hazy altar of Hepliaklqana.
   377 | D        | Found a viscous altar of Jiyva.
   378 | D        | Found an ancient bone altar of Kikubaaqudgha.
   379 | D        | Found a corrupted altar of Lugonu.
   380 | D        | Found a burning altar of Makhleb.
   381 | D        | Found a sparkling altar of Nemelex Xobeh.
   382 | D        | Found an iron altar of Okawaru.
   383 | D        | Found a stormy altar of Qazlal.
   384 | D        | Found a sacrificial altar of Ru.
   385 | D        | Found a shimmering blue altar of Sif Muna.
   386 | D        | Found a bloodstained altar of Trog.
   387 | D        | Found a hide-covered altar of Uskayaw.
   388 | D        | Found a radiant altar of Vehumet.
   389 | D        | Found an ornate altar of the Wu Jian Council.
   390 | D        | Found a shimmering altar of Xom.
   391 | D        | Found a basalt altar of Yredelemnul.
   392 | D        | Found a glowing silver altar of Zin.
   393 | D        | Found a glowing golden altar of the Shining One.
   419 | D        | Noticed a wraith
   419 | D        | Noticed a centaur
   419 | D        | Noticed a steam dragon
   419 | D        | Noticed a two-headed ogre
   419 | D        | Noticed a two-headed ogre
   422 | D        | Slain by a two-headed ogre

Illustrated notes

Levels and vault maps discovered:
D:        linesprint [early_d, line_temple, items_1, d_10, items_2, lair_1,
          lair_end, items_3, orc_1, orc_end, items_4, d_15, swamp_1, shoals_1,
          snake_1, spider_1, d_20, vaults_1, items_5, swamp_end, shoals_end,
          snake_end, spider_end, vaults_end, d_27, items_6, zot_1, zot_end,
          crypt_end, forest_end, elf_end, slime_end, tomb_end, abyss_end,
          pan_hell_end]

Skill      XL: |  1 |
---------------+----+-----
Fighting       | 4 |  4.8
Armour         | 3 |  3.6
Dodging        | 4 |  4.8
Unarmed Combat | 5 |  5.8

Action                     |  1- 3 |  4- 6 || total
---------------------------+-------+-------++-------
  Melee: Unarmed           |    20 |     9 ||    29
 Invoke: Berserk           |     1 |       ||     1
    Use: Potion            |     1 |       ||     1
   Stab: Distracted        |     1 |       ||     1
 Armour: Animal skin       |    12 |     3 ||    15
  Dodge: Dodged            |     9 |     2 ||    11

Table legend: (Time is in decaauts)
 A = Elapsed time spent in this place.
 B = Non-inter-level travel time spent in this place.
 C = Inter-level travel time spent in this place.
 D = Time resting spent in this place.
 E = Time spent auto-exploring this place.
 F = Levels seen in this place.
 G = Mean time per level.
                   A        B        C        D        E       F      G
               +--------+--------+--------+--------+--------+-----+--------+
         Total |    429 |    429 |      0 |    337 |      8 |   1 |  429.0 |
       Dungeon |    429 |    429 |      0 |    337 |      8 |   1 |  429.0 |
               +--------+--------+--------+--------+--------+-----+--------+

Top non-repeatable levels by time:
       D: 429 daAuts
